 Dungeon Crawl Stone Soup version 0.30.0-29-ga12c61a403 (webtiles) character file.

Game seed: 16501250308026688030

317 Sabo the Gusty (level 6, -1/47 HPs)
             Began as a Draconian Air Elementalist on June 16, 2023.
             Slain by Duvessa
             ... wielding a +0 short sword
              (5 damage)
             ... on level 4 of the Dungeon.
             The game lasted 00:23:30 (5054 turns).

Sabo the Gusty (Draconian Air Elementalist)         Turns: 5054, Time: 00:23:31

Health: -1/47      AC:  7    Str: 10    XL:     6   Next: 20%
Magic:  6/10       EV: 12    Int: 18    God:
Gold:   105        SH:  0    Dex: 11    Spells: 10/11 levels left

rFire   . . .        l - +0 spear
rCold   . . .        (no shield)
rNeg    . . .        (body armour unavailable)
rPois   .            (helmet restricted)
rElec   .            (no cloak)
rCorr   .            b - +0 pair of gloves
SInv    .            (no boots)
Will    +....        (no amulet)
Stlth   ++           m - ring of wizardry
HPRegen 0.27/turn    p - ring of willpower
MPRegen 0.12/turn

%: wizardry (x1)
@: no status effects
A: AC +6, unfitting armour, cold-blooded
a: no special abilities


You were on level 4 of the Dungeon.
You visited 1 branch of the dungeon, and saw 4 of its levels.

You collected 105 gold pieces.

Inventory:

Hand Weapons
 i - a +0 sling
 l - a +0 spear (weapon)
Missiles
 d - 6 poisoned darts
 e - 4 boomerangs
Armour
 b - a +0 pair of gloves (worn)
Jewellery
 m - a ring of wizardry (left hand)
 p - a ring of willpower (right hand)
Scrolls
 f - a scroll of immolation {unknown}
 g - 2 scrolls of blinking {unknown}
 h - a scroll of amnesia {unknown}
 k - 2 scrolls of fog {unknown}
 o - 2 scrolls of identify {unknown}
 q - a scroll of enchant armour {unknown}
 r - a scroll of enchant weapon {unknown}
 s - a scroll of poison {unknown}
 t - a scroll of brand weapon {unknown}
 v - 2 scrolls of vulnerability {unknown}
Potions
 c - 2 potions of curing {unknown}
 j - a potion of flight {unknown}
 n - 2 potions of mutation {unknown}
 u - a potion of berserk rage {unknown}


   Skills:
 + Level 1.0 Fighting
 + Level 2.1 Polearms
 + Level 2.5 Dodging
 + Level 2.3 Stealth
 + Level 0.1 Unarmed Combat
 + Level 3.3 Spellcasting
 + Level 2.5 Conjurations
 + Level 4.3 Air Magic


You had 10 spell levels left.
You knew the following spells:

 Your Spells              Type           Power      Damage    Failure   Level
a - Shock                 Conj/Air       60%        1d6       1%          1

Your spell library contained the following spells:

 Spells                   Type           Power      Damage    Failure   Level
 Static Discharge         Conj/Air       30%        2-4/arc   2%          2
 Swiftness                Air            18%        N/A       3%          3
 Airstrike                Air            9%         2d(2-18)  11%         4
 Ozocubu's Armour         Ice            2%         N/A       19%         3
 Tukima's Dance           Hex            2%         N/A       19%         3
 Passage of Golubria      Tloc           2%         N/A       52%         4
 Metabolic Englaciation   Hex/Ice        1%         N/A       85%         5
 Yara's Violent Unravell  Hex/Tmut       1%         3d3       85%         5
 Simulacrum               Ice/Necr       1%         N/A       100%        6


Dungeon Overview and Level Annotations

Branches:
Dungeon (4/15)
 Temple: D:4-7

Altars:

Annotations:
D:4 Blork the orc, Duvessa


Innate Abilities, Weirdness & Mutations

Your plain brown scales are hard. (AC +6)
You cannot fit into any form of body armour.
You are cold-blooded and may be slowed by cold attacks.


Message History

Press: ? - help, Shift-Dir - straight line, f/p - Blork the orc
Aim: Blork the orc, wielding a +2 heavy scimitar and wearing a +0 robe (heavily wounded, 75% to hit)
The zap hits Blork the orc.
Blork the orc is heavily wounded.
The zap hits the jackal.
The jackal is moderately wounded.
The zap hits Dowan.
You kill Dowan!
Duvessa screams in rage.
Duvessa goes berserk!
Duvessa hits you with a +0 short sword!
Blork the orc drinks a potion.
Blork the orc seems to grow stronger.
Your Fighting skill increases to level 1!
Unknown command.
Unknown command.
Casting: Shock (safe; 1% risk of failure)
Confirm with . or Enter, or press ? or * to list all spells.
Aiming: Shock (safe; 1% risk of failure)
Press: ? - help, Shift-Dir - straight line, f/p - Blork the orc
Aim: Blork the orc, wielding a +2 heavy scimitar and wearing a +0 robe (heavily wounded, strong, 75% to hit)
The zap hits Blork the orc.
Blork the orc is severely wounded.
The zap hits the jackal.
You kill the jackal!
Duvessa hits you with a +0 short sword.
* * * LOW HITPOINT WARNING * * *
Blork the orc points at you and mumbles some strange words.
The magic dart hits you!
* * * LOW HITPOINT WARNING * * *
Duvessa closely misses you.
Unknown command.
Unknown command.
Casting: Shock (safe; 1% risk of failure)
Confirm with . or Enter, or press ? or * to list all spells.
Aiming: Shock (safe; 1% risk of failure)
Press: ? - help, Shift-Dir - straight line, f/p - Blork the orc
Aim: Blork the orc, wielding a +2 heavy scimitar and wearing a +0 robe (severely wounded, strong, 75% to hit)
The zap hits Blork the orc.
Blork the orc is severely wounded.
Duvessa hits you with a +0 short sword.
You die...

#....# #.......#
#....###.......#
##.....)........+
#......#........##
#
#......#.........#
.#
#..)...#########.#
..# #......# #.#
...# +......####
#e##....#
#...<..'..#
#@o†)...+
.......##.#
####....#
#########.# ####
........#.#
.######.#.#
.##.......#
.##.....###
.##..#### ###..#


You could see Duvessa (berserk, fast) and Blork the orc (strong).

Vanquished Creatures
  Dowan (D:4)
  An orc priest (D:2)
  3 orc wizards (D:3)
  10 adders
  3 worms (D:2)
  2 dart slugs (D:2)
  5 orcs (D:3)
  5 endoplasms
  4 giant cockroaches
  6 hobgoblins
  5 jackals
  2 quokkas (D:2)
  3 ball pythons
  2 bats
  6 frilled lizards
  3 goblins
  5 kobolds
  6 rats
72 creatures vanquished.

Notes
Turn   | Place    | Note
-------+----------+-------------------------------------------
     0 | D:1      | Sabo the Draconian Air Elementalist began the quest for the
                  | Orb.
     0 | D:1      | Reached XP level 1. HP: 14/14 MP: 3/3
   343 | D:1      | Reached XP level 2. HP: 20/20 MP: 0/5
  1678 | D:2      | Reached XP level 3. HP: 15/26 MP: 0/6
  1950 | D:2      | Reached XP level 4. HP: 33/33 MP: 5/7
  2013 | D:2      | Reached skill level 1 in Polearms
  3174 | D:2      | Reached XP level 5. HP: 35/39 MP: 4/9
  3518 | D:3      | Reached skill level 4 in Air Magic
  4917 | D:4      | Reached XP level 6. HP: 46/46 MP: 10/10
  5037 | D:4      | Noticed Duvessa
  5037 | D:4      | Noticed Dowan
  5042 | D:4      | Noticed Blork the orc
  5052 | D:4      | Killed Dowan
  5053 | D:4      | Reached skill level 1 in Fighting
  5054 | D:4      | Slain by Duvessa

Illustrated notes

Levels and vault maps discovered:
D:1:      eino_arrival_druids_welcome, layout_loops_ring, minmay_tromino_v7
D:2:      layout_loops_cross
D:3:      layout_basic, corexii_shack
D:4:      layout_basic, minmay_temple_entry_mist, serial_shops,
          nicolae_shop_peninsula, uniq_blork_the_orc, uniq_crazy_yiuf_cottage,
          uniq_pikel, uniq_duvessa, uniq_eustachio

Skill      XL: |  1  2  3  4  5  6 |
---------------+-------------------+-----
Dodging        | 2 |  2.5
Stealth        | 2 |  2.3
Polearms       | 1 2 |  2.1
Conjurations   | 2 |  2.5
Spellcasting   | 3 |  3.3
Air Magic      | 4 |  4.3
Fighting       | 1 |  1.0
Unarmed Combat | |  0.1

Action                     |  1- 3 |  4- 6 || total
---------------------------+-------+-------++-------
  Melee: Unarmed           |    19 |       ||    19
         Tailslap          |     4 |     6 ||    10
         Spear             |    30 |    85 ||   115
   Cast: Shock             |    48 |    76 ||   124
    Use: Scroll            |     1 |       ||     1
         Potion            |       |     1 ||     1
   Stab: Sleeping          |       |     2 ||     2
 Armour: Skin              |    18 |    49 ||    67
  Dodge: Dodged            |    28 |    81 ||   109
